AoeStats
← CHIQUI TAPIA

Nomad

508467553Analyzed
3v3 RM · 11d ago on Sep 22, 2026· 42m 11s· 6 players
Game mode
Random Map
Map size
210×210
Population
200
Speed
Normal
Resources
Standard
Victory
Conquest
Starting age
Dark Age
Ending age
Imperial Age
RankedLock teamsTeams togetherTeam positionsShared explorationLock speedFull tech treeHidden civsTurbo modeCheats
Victory
Defeat
🇦🇷 Huns · Argentina
1057
+15
🇮🇪 Koreans · Ireland
1034
+16
🇦🇷 Franks · Argentina
990
+18
🇫🇮 Vietnamese · Finland
1126
-21
🇧🇾 Magyars · Belarus
1002
-15
🇪🇸 Italians · Spain
959
-36
gauwart
15:31 Feudal Age
22:21 Castle Age
21:15 Double-Bit Axe
22:20 Wheelbarrow
23:10 Horse Collar
26:47 Loom
27:02 Fletching
27:13 Padded Archer Armor
27:50 Bodkin Arrow
32:52 Imperial Age
34:29 Ballistics
35:10 Chemistry
40:07 Bracer
Ezer
4:17 Loom
17:35 Feudal Age
20:47 Double-Bit Axe
23:39 Castle Age
21:34 Gold Mining
21:39 Stone Mining
22:39 Horse Collar
22:41 Fishing Lines
24:29 Gillnets
26:25 Gold Shaft Mining
26:11 Bow Saw
27:18 Wheelbarrow
27:38 Scale Barding Armor
28:21 Husbandry
28:32 Bloodlines
29:49 Heavy Plow
30:56 Chain Barding Armor
39:05 Imperial Age
38:51 Hand Cart
38:21 Town Watch
38:42 Padded Archer Armor
38:33 Fletching
38:49 Corvinian Army
39:11 Elite Magyar Huszar
41:01 Recurve Bow
waatwat
5:21 Loom
15:46 Feudal Age
16:49 Double-Bit Axe
16:50 Horse Collar
17:20 Gold Mining
21:36 Castle Age
21:44 Fletching
21:54 Padded Archer Armor
22:40 Bow Saw
22:33 Heavy Plow
22:24 Stone Mining
22:47 Crossbowman
23:55 Pikeman
24:39 Scale Mail Armor
26:05 Bodkin Arrow
35:58 Imperial Age
34:09 Chain Mail Armor
34:04 Forging
37:45 Chemistry
39:07 Halberdier
Ned Flamer
8:12 Loom
17:13 Feudal Age
18:03 Stone Mining
18:07 Gold Mining
18:05 Double-Bit Axe
18:04 Fishing Lines
20:58 Fletching
24:32 Castle Age
26:42 Gillnets
26:58 Bodkin Arrow
28:53 Eupseong
28:50 Heated Shot
30:02 Bow Saw
31:22 Ballistics
35:11 Murder Holes
39:54 Gold Shaft Mining
CHIQUI TAPIA
7:11 Loom
17:00 Feudal Age
17:45 Double-Bit Axe
19:15 Forging
19:11 Scale Barding Armor
21:52 Castle Age
20:13 Bloodlines
20:58 Fishing Lines
23:29 Wheelbarrow
22:40 Town Watch
23:09 Bow Saw
24:04 Gillnets
27:15 Gold Mining
27:16 Stone Mining
27:51 Hand Cart
27:39 Town Patrol
29:21 Husbandry
29:59 Iron Casting
32:16 Imperial Age
31:11 Fletching
31:21 Padded Archer Armor
32:20 Ballistics
31:58 Bodkin Arrow
33:13 Leather Archer Armor
32:52 Heavy Cavalry Archer
33:56 Conscription
33:55 Bracer
34:47 Marauders
36:25 Chemistry
36:10 Elite Tarkan
39:43 Coinage
39:13 Caravan
40:19 Chain Barding Armor
41:08 Blast Furnace
Honorable Ministro Caputo
6:13 Loom
16:33 Feudal Age
18:36 Wheelbarrow
22:54 Castle Age
21:20 Forging
21:16 Scale Barding Armor
24:56 Iron Casting
24:28 Husbandry
24:39 Gold Mining
24:46 Stone Mining
27:29 Chain Barding Armor
28:41 Fishing Lines
31:50 Gillnets
32:20 Fletching
36:19 Imperial Age
33:40 Town Watch
34:35 Gold Shaft Mining
34:36 Bodkin Arrow
35:08 Ballistics
37:39 Plate Barding Armor
37:48 Cavalier
42:39 Blast Furnace
Connection lost

Rejoining the realm…

Still unreachable

The connection could not be restored.

Session expired

The server has moved on; the page needs a fresh start.